 Dungeon Crawl Stone Soup version 0.18.1-48-g4cf74bf (console) character file.

809 Kloppie the Skirmisher (level 7, -2/72 HPs)
             Began as a Gargoyle Berserker on Sept 3, 2016.
             Was a Priest of Trog.
             Killed by divine providence
             ... invoked by an orc priest
              (13 damage)
             ... on level 5 of the Dungeon on Sept 4, 2016.
             The game lasted 00:08:43 (4147 turns).

Kloppie the Skirmisher (Gargoyle Berserker)         Turns: 4147, Time: 00:08:44

Health: -2/72      AC: 12    Str: 25    XL:     7   Next: 92%
Magic:  7/7        EV: 11    Int:  8    God:    Trog [***...]
Gold:   271        SH:  0    Dex: 11    Spells: 0 memorised, 6 levels left

rFire  . . .     SeeInvis .     a - +1 mace
rCold  . . .     Gourm    +     d - +0 ring mail
rNeg   + . .     Faith    .     (no shield)
rPois  ∞         Spirit   .     (no helmet)
rElec  +         Dismiss  .     (no cloak)
rCorr  .         Reflect  .     (no gloves)
SustAt .         Harm     .     l - +1 pair of boots
MR     ++...                    A - amulet of the gourmand
Stlth  ..........               (no ring)
                                w - ring of loudness (curse)

@: berserking, regenerating, very quick, very resistant to hostile enchantments,
extremely unstealthy
A: negative energy resistance 1, electricity resistance, unbreathing,
petrification resistance, rot immunity, AC +4
a: Berserk, Trog's Hand, Burn Spellbooks, Renounce Religion


You were on level 5 of the Dungeon.
You worshipped Trog.
Trog was most pleased with you.
You were not hungry.

You visited 1 branch of the dungeon, and saw 5 of its levels.

You collected 271 gold pieces.

Inventory:

Hand Weapons
 a - a +1 mace (weapon)
Armour
 d - a +0 ring mail (worn)
 l - a +1 pair of boots (worn)
Jewellery
 w - a cursed ring of loudness (left hand)
 A - an amulet of the gourmand (around neck)
Wands
 u - a wand of slowing (44/48)
Scrolls
 b - 2 scrolls of fog
 f - 3 scrolls of teleportation
 g - a scroll of blinking
 i - a scroll of enchant armour
 k - a scroll of magic mapping
Potions
 e - 2 potions of heal wounds
 n - 3 potions of agility
 p - a potion of magic
 t - a potion of curing
 z - a potion of might
Comestibles
 c - 4 bread rations
 v - 2 meat rations
 B - a royal jelly


   Skills:
 + Level 7.7 Fighting
 + Level 6.5 Maces & Flails
 - Level 2.1 Armour
 - Level 1.5 Dodging


You had 6 spell levels left.
You didn't know any spells.

Dungeon Overview and Level Annotations

Branches:
Dungeon (5/15)
 Temple: D:4-7

Altars:
Okawaru
Ru
Sif Muna
Zin

Shops:
D:2 *


Innate Abilities, Weirdness & Mutations

You are resistant to torment.
Your stone body is resilient (AC +4).
You are immune to poison.
You resist negative energy.
You are resistant to electric shocks.
You can survive without breathing.
You are immune to petrification.
You are immune to rotting.


Message History

* * * LOW HITPOINT WARNING * * *
You're too confused!
A puff of flame appears from out of thin air!
The puff of flame hits you!
You hit the quokka skeleton. The quokka skeleton barely misses you.
You feel less confused.
You hear some strange, mumbled words.
Something tries to affect you, but you resist.
The quokka skeleton closely misses you.
Your skin crawls.
You feel resistant to hostile enchantments.
You feel slightly more hungry.
You can no longer call in reinforcements.
The quokka skeleton closely misses you.
A red film seems to cover your vision as you go berserk!
You feel yourself moving faster!
You feel mighty!
You feel somewhat more hungry.
The orc priest mumbles some strange prayers to Beogh against you.
Beogh smites you!
You die...

#........*,,,,,+,,,,*,+ **
#.......##.,,,,+,*,,,,+ .*
##..........,,,,*,*,**,* .*
###.........,,,,,,*,,,,,,*
.#*
###{o.#......,,,,,,,********
..*###?o.#**#...#***,,,,,,*
..##...### #...## **,,,,,*
..?...## ##......* **,,,*
*,,** **..###..***,,,,***,,*


You could see an orc priest and a quokka skeleton.

Vanquished Creatures
  The ghost of Kloppie the Chopper, an amateur HOBe of Trog (D:4)
  A sky beast (D:4)
  An ogre (D:4)
  A scorpion (D:4)
  A hound (D:3)
  2 orc priests
  2 orc wizards
  2 iguanas
  2 worker ants (D:4)
  3 gnolls (D:2)
  5 adders
  A worm (D:3)
  2 dart slugs (D:1)
  2 giant geckos
  19 orcs
  14 bats
  A giant cockroach (D:4)
  7 goblins
  5 hobgoblins
  9 jackals
  A giant gecko skeleton (D:4)
  9 giant newts
  11 kobolds
  A quokka skeleton (D:5)
  9 rats
112 creatures vanquished.

Notes
Turn   | Place    | Note
--------------------------------------------------------------
     0 | D:1      | Kloppie the Gargoyle Berserker began the quest for the Orb.
     0 | D:1      | Reached XP level 1. HP: 14/14 MP: 1/1
   159 | D:1      | Reached XP level 2. HP: 14/19 MP: 2/2
   559 | D:1      | Reached skill level 4 in Fighting
   615 | D:1      | Reached XP level 3. HP: 15/24 MP: 3/3
   718 | D:1      | Reached ** piety under Trog
   940 | D:2      | Found Zin's Purification Station.
   944 | D:2      | Found a glowing silver altar of Zin.
  1170 | D:2      | Reached XP level 4. HP: 23/30 MP: 4/4
  2011 | D:2      | Reached skill level 5 in Fighting
  2085 | D:2      | Reached XP level 5. HP: 35/35 MP: 5/5
  2309 | D:3      | Reached *** piety under Trog
  2362 | D:3      | Reached XP level 6. HP: 39/41 MP: 6/6
  2437 | D:3      | Found a deep blue altar of Sif Muna.
  3014 | D:3      | Found a sacrificial altar of Ru.
  3066 | D:4      | Noticed Kloppie's ghost (amateur HOBe)
  3086 | D:4      | Killed Kloppie's ghost
  3086 | D:4      | Reached skill level 6 in Fighting
  3086 | D:4      | Reached skill level 5 in Maces & Flails
  3090 | D:4      | Reached XP level 7. HP: 42/47 MP: 7/7
  3416 | D:4      | Reached skill level 7 in Fighting
  3434 | D:4      | Found an iron altar of Okawaru.
  3777 | D:5      | Entered Level 5 of the Dungeon
  3886 | D:4      | Reached **** piety under Trog
  4147 | D:5      | Killed from afar by an orc priest

Skill      XL: |  1  2  3  4  5  6  7 |
---------------+----------------------+-----
Fighting       | 4 5 6 7 |  7.7
Maces & Flails | 4 5 6 |  6.5
Armour         | |  2.1
Dodging        | |  1.5

Action                   |  1- 3 |  4- 6 |  7- 9 || total
-------------------------+-------+-------+-------++-------
Melee: Mace              |   119 |   214 |   108 ||   441
Invok: Berserk           |     2 |     3 |     3 ||     8
       Trog's Hand       |       |     2 |     1 ||     3
  Use: Scroll            |       |       |    16 ||    16
  Eat: Chunk             |     3 |     9 |     7 ||    19
Armor: Animal skin       |    49 |    27 |       ||    76
       Ring mail         |       |   122 |    61 ||   183
Dodge: Dodged            |    76 |   163 |    72 ||   311
